 Dungeon Crawl Stone Soup version 0.32-a0-931-g5a2cda0630 (webtiles) character file.

Game seed: 6222152339046213040

827 GiantSquids the Grappler (level 7, -2/43 HPs)
             Began as an Octopode Shapeshifter on Apr 13, 2024.
             Was a Follower of Wu Jian.
             Slain by an ice beast (10 damage)
             ... on level 5 of the Dungeon on Apr 14, 2024.
             The game lasted 00:06:28 (3759 turns).

GiantSquids the Grappler (Octopode Shapeshifter)    Turns: 3759, Time: 00:06:29

Health: -2/43      AC:  1    Str: 16    XL:     7   Next: 97%
Magic:  7/7        EV: 12    Int: 12    God:    Wu Jian [*.....]
Gold:   289        SH:  0    Dex: 11    Spells: 6/6 levels left

rFire   . .          .
                       - Unarmed
rCold   . . .        (no shield)
rNeg    . . .        (helmet currently unavailable)
rPois   .            (no amulet)
rElec   .            (no ring)
rCorr   .            (no ring)
SInv    .            (no ring)
Will    .....        (no ring)
Stlth   ++++         (no ring)
HPRegen 0.27/turn    (no ring)
MPRegen 0.10/turn    (no ring)
                     (no ring)

%: no passive effects
@: beast-form
A: beast (slay +1), almost no armour, amphibious, 8 rings, camouflage 1,
gelatinous body 1, (nimble swimmer 1), tentacles
a: Begin Untransformation, Renounce Religion


You were on level 5 of the Dungeon.
You worshipped Wu Jian.
Wu Jian was aware of your devotion.
You were a hulking beast.
You visited 1 branch of the dungeon, and saw 5 of its levels.

You collected 289 gold pieces.

Inventory:

Missiles
 d - 22 stones (quivered)
 g - 4 curare-tipped darts
 k - 3 poisoned darts
 v - 2 boomerangs
 y - 2 throwing nets
Jewellery
 t - a ring of flight
Talismans
 b - a beast talisman (active)
 c - a flux talisman
Scrolls
 f - a scroll of silence {unknown}
 h - 2 scrolls of fear {unknown}
 j - 3 scrolls of identify {unknown}
 m - a scroll of fog {unknown}
 n - a scroll of teleportation {unknown}
 q - 2 scrolls of blinking {unknown}
 r - 2 scrolls of immolation {unknown}
 s - 2 scrolls of poison {unknown}
 u - a scroll of enchant weapon {unknown}
Potions
 a - a potion of lignification
 e - 2 potions of berserk rage {unknown}
 i - a potion of brilliance {unknown}
 l - a potion of degeneration {unknown}
 o - 2 potions of curing {unknown}
 p - 3 potions of heal wounds {unknown}
 w - a potion of enlightenment {unknown}
 x - a potion of attraction {unknown}


   Skills:
 - Level 1.0 Fighting
 - Level 2.0 Dodging
 - Level 6.0 Stealth
 + Level 8.1 Unarmed Combat
 - Level 3.0 Shapeshifting


You had 6 spell levels left.
You didn't know any spells.
Your spell library contained the following spells:

 Spells                   Type           Power      Damage    Failure   Level
 Apportation              Tloc           0%         N/A       32%         1
 Necrotise                Necr           0%         1d4       32%         1
 Sting                    Conj/Alch      0%         1d3       32%         1
 Summon Small Mammal      Summ           0%         N/A       32%         1
 Ensorcelled Hibernation  Hex/Ice        0%         N/A       45%         2
 Dazzling Flash           Conj/Hex       0%         N/A       69%         3
 Fugue of the Fallen      Necr           0%         N/A       69%         3
 Mephitic Cloud           Conj/Alch/Air  0%         N/A       69%         3
 Anguish                  Hex/Necr       0%         N/A       97%         4
 Summon Blazeheart Golem  Fire/Summ      0%         N/A       97%         4
 Curse of Agony           Necr           0%         N/A       100%        5
 Silence                  Hex/Air        0%         N/A       100%        5
 Orb of Destruction       Conj           0%         9d5       100%        7
 Spellforged Servitor     Conj/Summ      0%         N/A       100%        7


Dungeon Overview and Level Annotations

Branches:
Dungeon (5/15)             Temple (0/1) D:5

Altars:
Sif Muna
Vehumet
Wu Jian

Annotations:
D:5 2 transporters, Cobbler's ghost, amateur SpHu


Innate Abilities, Weirdness & Mutations

You are a hulking beast.
Your limbs bulge with bestial killing power. (Slay +1)
You cannot wear most types of armour.
You are amphibious.
You can wear up to eight rings at the same time.
Your skin changes colour to match your surroundings (Stealth+).
Your rubbery body absorbs attacks. (AC +1, EV +1)
((You are camouflaged when in or above water. (Stealth+)))
You have tentacles for arms and can constrict up to eight enemies at once.


Message History

Aim: a scorpion (heavily wounded, poisoned, 52% to hit)
You throw a stone. The stone barely misses the scorpion.
You barely miss the scorpion. You grab the scorpion.
You tentacle-slap the scorpion. You squeeze the scorpion.
You kill the scorpion!
The Council accepts your kill.
Your Unarmed Combat skill increases to level 8!
You now have 281 gold pieces (gained 10).
k - 3 poisoned darts (gained 1)
You now have 289 gold pieces (gained 8).
Found a transporter.
An ice beast comes into view.
An ice beast is nearby!
Found a scroll labelled DIVOUK PENLYCW and a scroll labelled LIBLARUTY.
Found a tapered glass wand.
Found a scroll labelled LIBLARUTY.
You lunge at the ice beast.
The helpless ice beast fails to defend itself.
You tentacle-slap the ice beast.
The ice beast is lightly wounded.
The ice beast barely misses you.
You tentacle-slap the ice beast but do no damage.
The ice beast is lightly wounded.
You barely miss the ice beast.
The ice beast is lightly wounded.
The ice beast hits you. The ice beast freezes you!
You bludgeon the ice beast!
You squeeze the ice beast, but do no damage.
The ice beast is heavily wounded.
The ice beast closely misses you.
You closely miss the ice beast.
The ice beast is heavily wounded.
The ice beast hits you. The ice beast freezes you!
* * * LOW HITPOINT WARNING * * *
You barely miss the ice beast. Your squeeze misses the ice beast.
The ice beast is heavily wounded.
The ice beast hits you.
* * * LOW HITPOINT WARNING * * *
The ice beast freezes you!
You die...

## #### ### #...### #..
#....?# ##.. #.....## #.
#... #......# ##.####...
#.....# ....#.....
#.....### #.........
##.....hY##..##.......#.
#....................##.
#........©............#.
#..#############...)....
#..#....?/... .#....>...
#..#.......... #........
#..#..##?..##..#..#.....
#..#..# ...ß ..#...†....
#..# .# .. #........


You could see an ice beast.

Vanquished Creatures
  2 black bears (D:5)
  An ogre (D:5)
  2 scorpions (D:5)
  2 bombardier beetles (D:5)
  3 hounds (D:5)
  A gnoll bouda (D:5)
  A jelly (D:5)
  An iguana (D:5)
  8 adders
  4 gnolls (D:5)
  A ribbon worm (D:2)
  A dart slug (D:1)
  6 orcs
  6 ball pythons
  8 endoplasms
  4 giant cockroaches
  6 goblins
  9 hobgoblins
  5 jackals
  7 kobolds
  3 quokkas
  2 bats (D:1)
  6 frilled lizards
  6 rats
95 creatures vanquished.

Notes
Turn   | Place    | Note
-------+----------+-------------------------------------------
     0 | D:1      | GiantSquids the Octopode Shapeshifter began the quest for
                  | the Orb.
     0 | D:1      | Reached XP level 1. HP: 13/13 MP: 1/1
   133 | D:1      | Reached XP level 2. HP: 4/18 MP: 2/2
   181 | D:1      | Reached skill level 4 in Unarmed Combat
   248 | D:1      | Reached XP level 3. HP: 23/23 MP: 3/3
   758 | D:2      | Found an ornate altar of the Wu Jian Council.
  1001 | D:2      | Became a worshipper of the Wu Jian Council
  1016 | D:2      | Reached XP level 4. HP: 28/28 MP: 4/4
  1353 | D:2      | Reached skill level 5 in Unarmed Combat
  1730 | D:3      | Reached skill level 1 in Stealth
  2168 | D:3      | Reached XP level 5. HP: 33/33 MP: 5/5
  2337 | D:4      | Found a radiant altar of Vehumet.
  2514 | D:4      | Reached * piety under Wu Jian
  2608 | D:4      | Found a shimmering blue altar of Sif Muna.
  2817 | D:5      | Entered Level 5 of the Dungeon
  2955 | D:5      | Reached XP level 6. HP: 38/38 MP: 6/6
  2971 | D:5      | Reached skill level 6 in Unarmed Combat
  3023 | D:5      | Found a transporter.
  3023 | D:5      | Noticed Cobbler's ghost (amateur SpHu)
  3050 | D:5      | Reached skill level 5 in Stealth
  3160 | D:5      | Noticed a black bear
  3177 | D:5      | Reached XP level 7. HP: 24/43 MP: 7/7
  3372 | D:5      | Reached skill level 7 in Unarmed Combat
  3510 | D:5      | Found a staircase to the Ecumenical Temple.
  3693 | D:5      | Reached skill level 8 in Unarmed Combat
  3726 | D:5      | Found a transporter.
  3759 | D:5      | Slain by an ice beast

Illustrated notes

Levels and vault maps discovered:
D:1:      amcnicky_arrival_underground_garden, layout_loops_ring,
          kennysheep_decorative_pillar
D:2:      minmay_evil_eye, layout_basic, basic_altar
D:3:      layout_basic
D:4:      layout_cave_pools, hellmonk_sif_muna_bookshelves, vehumet_crystals
D:5:      layout_cave_pools, minmay_temple_entry_statues_fountains,
          gammafunk_ghost_mausoleum

Skill      XL: |  1  2  3  4  5  6  7 |
---------------+----------------------+-----
Unarmed Combat | 4 5 6 8 |  8.1
Stealth        | 2 4 5 6 |  6.0
Fighting       | |  1.0
Dodging        | |  2.0
Shapeshifting  | |  3.0

Action                     |  1- 3 |  4- 6 |  7- 9 || total
---------------------------+-------+-------+-------++-------
  Melee: Unarmed           |    63 |    88 |    26 ||   177
         Constrict         |    18 |    26 |     7 ||    51
         Tentacles         |    12 |    15 |     8 ||    35
         Punch             |     1 |     6 |     2 ||     9
  Throw: Stone             |       |    30 |     3 ||    33
         Dart              |       |     1 |     7 ||     8
Ability: Lunge             |     1 |     9 |     2 ||    12
         Whirlwind         |       |       |     1 ||     1
   Stab: Sleeping          |     4 |     8 |     1 ||    13
 Armour: Skin              |    20 |    37 |    10 ||    67
  Dodge: Dodged            |    36 |    33 |    12 ||    81

Table legend: (Time is in decaauts)
 A = Elapsed time spent in this place.
 B = Non-inter-level travel time spent in this place.
 C = Inter-level travel time spent in this place.
 D = Time resting spent in this place.
 E = Time spent auto-exploring this place.
 F = Levels seen in this place.
 G = Mean time per level.
                   A        B        C        D        E       F      G
               +--------+--------+--------+--------+--------+-----+--------+
         Total |   3745 |   3550 |    195 |    249 |   2706 |   5 |  749.0 |
       Dungeon |   3745 |   3550 |    195 |    249 |   2706 |   5 |  749.0 |
               +--------+--------+--------+--------+--------+-----+--------+

Top non-repeatable levels by time:
     D:5: 939 daAuts
     D:2: 829 daAuts
     D:1: 730 daAuts
     D:3: 690 daAuts
     D:4: 556 daAuts
